cohdb
Replays
Latest Replays
All Replays
Popular Replays
Top Player Replays
Match Explorer
How It Works
Community
CoH3 Stats
Reddit
Sign in to upload your games and track your stats! →
Sign in with Steam
Match 41799824
Unlisted
Match 41799824
Overview
Messages
Build Orders
End
Vickers Machine Gun Team
Vickers Machine Gun Team
Construct Section Command Post
Infantry Section
Selects Canadian Shock Battlegroup
Construct Platoon Command Post
Humber Armored Car
Selects Attacking Spirit
Selects Canadian Shock Section
Canadian Shock Section
6-pounder Anti-tank Gun Team
Selects Point Assault
Canadian Shock Section
Construct Company Command Post
Selects Incendiary Munitions
Selects Pyrotechnics
Matilda II Heavy Tank
MrMisrulent
Dank.Castle
カルト_くん
U NOOB EZ
0
0
Comments
sign in to comment!
No comments posted yet!